 Dungeon Crawl Stone Soup version 0.28.0-53-g5a82cb258f (webtiles) character file.

Game seed: 4267099366812497941

7478 MisterFreud the Covert (level 11, -3/89 HPs)
             Began as a Gnoll Delver on June 8, 2022.
             Was a High Priest of Okawaru.
             Slain by a red devil
             ... wielding a +0 trident
             ... summoned by a kobold demonologist
              (14 damage)
             ... in a bailey.
             The game lasted 00:18:48 (11347 turns).

MisterFreud the Covert (Gnoll Delver)              Turns: 11347, Time: 00:18:49

Health: -3/89      AC: -7    Str: 13    XL:     11   Next: 15%
Magic:  0/29       EV: 15    Int: 17    God:    Okawaru [*****.]
Gold:   427        SH:  0    Dex: 13    Spells: 22/22 levels left

rFire   . . .      SeeInvis .   n - +10 hand axe of Xoet {vorpal, rElec Will+ Int+4 Stlth+}
rCold   . . .      Faith    .   (no shield)
rNeg    . . .      Spirit   +   H - +0 steam dragon scales
rPois   +          Reflect  .   (no helmet)
rElec   +          Harm     .   x - +2 cloak
rCorr   .          Rampage  .   k - +0 pair of gloves
Will    +....                   C - +0 pair of boots
Stlth   ++++++....              o - amulet of guardian spirit
HPRegen 0.24/turn               h - ring of poison resistance
MPRegen 0.21/turn               q - ring of magical power

@: spiked, corroded
A: fangs 1, strong nose, distributed training
a: Renounce Religion, Heroism, Finesse, Duel


You were in a bailey.
You worshipped Okawaru.
Okawaru was extremely pleased with you.
You visited 1 branch of the dungeon, and saw 10 of its levels.
You also visited: Ossuary and Bailey.

You collected 1401 gold pieces.
You spent 974 gold pieces at shops.

Inventory:

Hand Weapons
 a - a +0 short sword of protection
 m - a +2 broad axe of freezing
 n - the +10 hand axe of Xoet (weapon) {vorpal, rElec Will+ Int+4 Stlth+}
   (You found it on level 7 of the Dungeon)

   It inflicts extra damage upon your enemies.
   Int:       It affects your intelligence (+4).
   rElec:     It insulates you from electricity.
   Will:      It increases your willpower.
   Stlth:     It makes you more stealthy.
Missiles
 l - 5 throwing nets
 r - 27 poisoned darts (quivered)
 y - 5 javelins
 F - 6 boomerangs
 P - 7 curare-tipped darts
 Y - 3 datura-tipped darts
Armour
 b - a +0 leather armour
 k - a +0 pair of gloves (worn)
 x - a +2 cloak (worn)
 C - a +0 pair of boots (worn)
 H - +0 steam dragon scales (worn)
 J - the +2 robe "Zeheugej" {rElec rF- rC++}
   (You found it on level 4 of the Dungeon)

   rF:        It makes you vulnerable to fire.
   rC:        It greatly protects you from cold.
   rElec:     It insulates you from electricity.
Jewellery
 h - a ring of poison resistance (left hand)
 o - an amulet of guardian spirit (around neck)
 q - a ring of magical power (right hand)
 v - an amulet of magic regeneration
 w - an amulet of reflection
 M - a ring of flight
 U - a ring of see invisible
Wands
 g - a wand of digging (3)
 p - a wand of acid (2)
 D - a wand of flame (23)
 G - a wand of iceblast (24)
 K - a wand of mindburst (33)
 Q - a wand of paralysis (30)
Scrolls
 c - 3 scrolls of fog
 d - 4 scrolls of magic mapping
 e - 2 scrolls of fear
 i - a scroll of blinking
 I - 4 scrolls of immolation
 O - 5 scrolls of teleportation
Potions
 f - 3 potions of haste
 j - 2 potions of mutation
 s - 2 potions of cancellation
 t - 3 potions of invisibility
 u - 4 potions of brilliance
 z - 3 potions of flight
 A - 6 potions of curing
 B - 3 potions of might
 L - 2 potions of degeneration
 N - a potion of lignification
 R - a potion of resistance {unknown}
 S - 2 potions of berserk rage
 T - a potion of attraction {unknown}
 V - 6 potions of heal wounds
 X - a potion of ambrosia
Miscellaneous
 E - a condenser vane (inert)
 Z - a lightning rod (4/4)


   Skills:
 + Level 9.0 Fighting
 + Level 7.6 Short Blades
 + Level 6.0 Long Blades
 + Level 6.0 Axes
 + Level 6.0 Maces & Flails
 + Level 6.0 Polearms
 + Level 6.0 Staves
 + Level 6.0 Slings
 + Level 6.0 Bows
 + Level 6.0 Crossbows
 + Level 6.0 Throwing
 + Level 6.0 Armour
 + Level 7.6 Dodging
 + Level 11.3 Stealth
 + Level 6.0 Shields
 + Level 6.0 Unarmed Combat
 + Level 6.0 Spellcasting
 + Level 5.0 Conjurations
 + Level 5.0 Hexes
 + Level 5.0 Summonings
 + Level 5.0 Necromancy
 + Level 5.0 Translocations
 + Level 5.0 Transmutations
 + Level 5.0 Fire Magic
 + Level 5.0 Ice Magic
 + Level 5.0 Air Magic
 + Level 5.0 Earth Magic
 + Level 5.0 Poison Magic
 + Level 6.6 Invocations
 + Level 6.0 Evocations


You had 22 spell levels left.
You didn't know any spells.
Your spell library contained the following spells:

 Spells                   Type           Power      Damage    Failure   Level
 Magic Dart               Conj           88%        1d7       1%          1
 Searing Ray              Conj           44%        2d6       2%          2
 Dazzling Flash           Conj/Hex       44%        N/A       4%          3
 Fulminant Prism          Conj/Hex       11%        3d9       16%         4
 Hailstorm                Conj/Ice       22%        3d7       16%         4
 Ice Form                 Ice/Tmut       22%        N/A       16%         4
 Iskenderun's Mystic Bla  Conj/Tloc      22%        2d6       16%         4
 Starburst                Conj/Fire      11%        6d5       94%         6
 Simulacrum               Ice/Necr       Unusable   N/A       N/A         6

Dungeon Overview and Level Annotations

Branches:
Dungeon (10/15)            Temple (0/1) D:4         Ossuary (visited)
 Bailey (1/1)
   Lair: D:8-11         Orc: D:9-12

Altars:
Cheibriados
Fedhas
Gozag
Kikubaaqudgha
Nemelex Xobeh
Okawaru
Ru
Trog
Uskayaw
Vehumet
Yredelemnul
The Shining One

Shops:
D:4 (   D:5 :   D:8 !   D:10 *

Annotations:
D:5 2 runed translucent doors, coenern's ghost, novice DsAK


Innate Abilities, Weirdness & Mutations

You have very sharp teeth.
Your uncanny sense of smell can sniff out nearby items.
Your experience applies equally to all skills.


Message History

The rust devil barely misses you. x2
The red devil hits you with a +0 trident!!
* * * LOW HITPOINT WARNING * * *
Barbed spikes become lodged in your body.
Unknown command.
Unknown command.
Unknown command.
You barely miss the kobold demonologist.
The kobold demonologist is almost dead.
You hit the rust devil but do no damage.
You hit the red devil but do no damage. You hit the rust devil.
You completely miss the ynoxinul.
The ufetubus is engulfed in noxious fumes.
The ufetubus appears confused.
The ufetubus is engulfed in noxious fumes.
The ufetubus appears confused.
The ufetubus is engulfed in noxious fumes.
The ufetubus appears confused.
The ufetubus is engulfed in noxious fumes.
The ufetubus appears confused.
The kobold demonologist is engulfed in noxious fumes.
The kobold demonologist appears confused.
The kobold demonologist gestures wildly.
The kobold demonologist hits you with a +0 war axe.
* * * LOW HITPOINT WARNING * * *
The ufetubus is engulfed in noxious fumes.
The ufetubus appears confused.
The ufetubus is engulfed in noxious fumes.
The ufetubus appears confused.
The kobold demonologist is engulfed in noxious fumes.
The kobold demonologist appears confused.
The rust devil barely misses you. The rust devil hits you.
* * * LOW HITPOINT WARNING * * *
The rust devil corrodes you!
The ufetubus is engulfed in noxious fumes.
The ufetubus appears confused.
The ufetubus barely misses the kobold demonologist.
The ufetubus hits the kobold demonologist but does no damage.
The red devil hits you with a +0 trident!
You die...

.######)######..###≈≈≈≈§
#:? #...#.[[#....#≈≈≈≈§
#∆∆ #...#.[[#..).#§≈§≈§
#8.8###+##'#'#§≈≈§§ #...#
#..#.≈≈≈≈≈≈ #8.8#
#..#.≈≈≈≈≈≈ ∆∆ #§§§#
#..#.≈≈≈≈≈≈ ∆∆ #4§4#
#))#.≈≈≈≈≈≈ ##@##
#.)#.≈≈≈≈≈≈
##+#..§54K3§§§.#'##.≈≈≈≈≈≈
#..#..§§K45§§5.#..#.≈≈≈≈≈≈
#.8#...§§§5§§..#8.#.≈≈≈≈≈≈
#..#....§§5....#..#
#.8#############8.#
#.....#######.....#
#.8...#.....#...8.#
#..)).#.....#))...#


You could see an ice devil (summoned), 2 rust devils, 2 kobold demonologists, a
ynoxinul (summoned), a red devil (summoned) and 5 ufetubi.

Vanquished Creatures
  Harold (D:7)
  A gargoyle (D:9)
  3 trolls (D:9)
  Sigmund (D:3)
  A wraith (D:9)
  4 steam dragons
  An acid dragon (D:9)
  3 water moccasins
  9 orc warriors
  3 sky beasts
  An ice beast (D:5)
  2 centaurs
  2 phantoms (D:6)
  2 kobold brigands
  3 bullfrogs
  11 killer bees
  6 wights
  2 electric eels (Bailey)
  2 howler monkeys (D:9)
  4 bullfrog zombies (Ossuary)
  5 hounds
  6 centaur zombies
  3 jellies
  2 bullfrog skeletons
  5 orc priests
  2 centaur skeletons
  2 gnoll shamans (D:8)
  3 iguanas
  11 orc wizards
  4 killer bee zombies
  14 mummies (Ossuary)
  A howler monkey zombie (Ossuary)
  9 gnolls
  6 adders
  A shadow imp (D:7)
  2 white imps
  2 adder skeletons (D:4)
  2 worms
  2 dart slugs
  27 orcs
  4 ball pythons
  11 endoplasms
  4 giant cockroaches
  17 goblins
  9 hobgoblins
  11 jackals
  14 kobolds
  5 quokkas
  2 bats
  4 frilled lizards
  6 rats
258 creatures vanquished.

Vanquished Creatures (others)
  8 withered plants (Ossuary)
8 creatures vanquished.

Grand Total: 266 creatures vanquished

Notes
Turn   | Place    | Note
-------+----------+-------------------------------------------
     0 | D:5      | Reached skill level 9 in Stealth
     0 | D:5      | MisterFreud the Gnoll Delver began the quest for the Orb.
     0 | D:5      | Reached XP level 1. HP: 23/23 MP: 1/1
    21 | D:5      | Reached XP level 2. HP: 29/29 MP: 2/2
    60 | D:5      | Found a radiant altar of Vehumet.
    74 | D:5      | Reached XP level 3. HP: 23/35 MP: 3/3
    74 | D:5      | Noticed a water moccasin
   146 | D:5      | Reached skill level 1 in Long Blades
   146 | D:5      | Reached skill level 1 in Axes
   146 | D:5      | Reached skill level 1 in Maces & Flails
   146 | D:5      | Reached skill level 1 in Polearms
   146 | D:5      | Reached skill level 1 in Staves
   146 | D:5      | Reached skill level 1 in Slings
   146 | D:5      | Reached skill level 1 in Bows
   146 | D:5      | Reached skill level 1 in Crossbows
   146 | D:5      | Reached skill level 1 in Throwing
   146 | D:5      | Reached skill level 1 in Armour
   146 | D:5      | Reached skill level 1 in Shields
   146 | D:5      | Reached skill level 1 in Unarmed Combat
   146 | D:5      | Reached skill level 1 in Spellcasting
   146 | D:5      | Reached skill level 1 in Invocations
   146 | D:5      | Reached skill level 1 in Evocations
   146 | D:5      | Reached XP level 4. HP: 15/41 MP: 3/5
   152 | D:5      | Reached skill level 1 in Conjurations
   152 | D:5      | Reached skill level 1 in Hexes
   152 | D:5      | Reached skill level 1 in Summonings
   152 | D:5      | Reached skill level 1 in Necromancy
   152 | D:5      | Reached skill level 1 in Translocations
   152 | D:5      | Reached skill level 1 in Transmutations
   152 | D:5      | Reached skill level 1 in Fire Magic
   152 | D:5      | Reached skill level 1 in Ice Magic
   152 | D:5      | Reached skill level 1 in Air Magic
   152 | D:5      | Reached skill level 1 in Earth Magic
   152 | D:5      | Reached skill level 1 in Poison Magic
   427 | D:5      | Found a large runed translucent door.
   427 | D:5      | Found a large runed translucent door.
   427 | D:5      | Noticed coenern's ghost (novice DsAK)
   516 | D:5      | Noticed an ice beast
   566 | D:5      | Noticed an ice beast
   572 | D:5      | Killed an ice beast
   573 | D:5      | Reached XP level 5. HP: 47/47 MP: 5/7
   606 | D:5      | Killed a water moccasin
   607 | D:5      | Reached XP level 6. HP: 20/53 MP: 3/8
   997 | D:3      | Reached skill level 5 in Short Blades
   997 | D:3      | Reached skill level 5 in Dodging
  1438 | D:1      | Found a faded altar of an unknown god.
  1445 | D:1      | Prayed at the altar of an unknown god.
  1445 | D:1      | Became a worshipper of Warmaster Okawaru
  1445 | D:1      | Reached * piety under Okawaru
  2421 | D:3      | Noticed Sigmund
  2428 | D:3      | Killed Sigmund
  2429 | D:3      | Reached XP level 7. HP: 60/60 MP: 10/10
  2574 | D:3      | Found a sacrificial altar of Ru.
  2880 | D:3      | Found a glowing golden altar of the Shining One.
  2885 | D:3      | Found a blossoming altar of Fedhas.
  3432 | D:4      | Found Kachugg's Antique Weapon Shop.
  3443 | D:4      | Identified the +2 robe "Zeheugej" {rElec rF- rC++}
  3693 | D:4      | Reached ** piety under Okawaru
  3811 | D:4      | Reached skill level 10 in Stealth
  3943 | D:4      | Found a staircase to the Ecumenical Temple.
  4155 | D:5      | Found Dafiujea's Book Emporium.
  4202 | D:5      | Identified the +0 robe "Casu Vis" {Str+2 Int+7}
  4618 | D:6      | Reached XP level 8. HP: 67/67 MP: 12/12
  4741 | D:6      | HP: 1/67 [something (3)]
  6001 | D:6      | Identified a scroll of acquirement
  6001 | D:6      | Acquired a +2 broad axe of freezing
  6350 | D:7      | Reached XP level 9. HP: 38/72 MP: 14/14
  6597 | D:7      | Found a hide-covered altar of Uskayaw.
  6602 | D:7      | Identified the +10 hand axe of Xoet {vorpal, rElec Will+
                  | Int+4 Stlth+}
  6630 | D:7      | Noticed Harold
  6637 | D:7      | Paralysed by Harold for 7 turns
  6653 | D:7      | Killed Harold
  6653 | D:7      | Reached *** piety under Okawaru
  7334 | D:7      | Reached skill level 5 in Invocations
  7605 | D:8      | Found Roheas's Distillery.
  7647 | D:8      | Found a sand-covered staircase.
  7656 | Ossuary  | Entered an ossuary
  7924 | Ossuary  | Reached XP level 10. HP: 74/80 MP: 17/17
  8282 | D:8      | Found an opulent altar of Gozag.
  8295 | D:8      | Reached **** piety under Okawaru
  8296 | D:8      | Reached skill level 5 in Long Blades
  8296 | D:8      | Reached skill level 5 in Axes
  8296 | D:8      | Reached skill level 5 in Maces & Flails
  8296 | D:8      | Reached skill level 5 in Polearms
  8296 | D:8      | Reached skill level 5 in Staves
  8296 | D:8      | Reached skill level 5 in Slings
  8296 | D:8      | Reached skill level 5 in Bows
  8296 | D:8      | Reached skill level 5 in Crossbows
  8296 | D:8      | Reached skill level 5 in Throwing
  8296 | D:8      | Reached skill level 5 in Armour
  8296 | D:8      | Reached skill level 5 in Shields
  8296 | D:8      | Reached skill level 5 in Unarmed Combat
  8296 | D:8      | Reached skill level 5 in Spellcasting
  8296 | D:8      | Reached skill level 5 in Evocations
  8780 | D:8      | Acquired 517 gold pieces
  8934 | D:8      | Bought a potion of heal wounds for 60 gold pieces
  8934 | D:8      | Bought a potion of heal wounds for 60 gold pieces
  8934 | D:8      | Bought a potion of haste for 120 gold pieces
  8934 | D:8      | Bought a potion of might for 48 gold pieces
  8934 | D:8      | Bought a potion of curing for 36 gold pieces
  8934 | D:8      | Bought a potion of ambrosia for 96 gold pieces
  8934 | D:8      | Bought a potion of brilliance for 48 gold pieces
  8984 | D:8      | Received a gift from Okawaru
  9254 | D:9      | Reached skill level 11 in Stealth
  9455 | D:9      | Acquired 423 gold pieces
  9513 | D:9      | HP: 4/82 [troll (5)]
 10195 | D:9      | Noticed a gargoyle
 10204 | D:9      | Reached ***** piety under Okawaru
 10210 | D:9      | Killed a gargoyle
 10210 | D:9      | Received a gift from Okawaru
 10533 | D:9      | Found a snail-covered altar of Cheibriados.
 10536 | D:9      | Found a basalt altar of Yredelemnul.
 10537 | D:9      | Found a bloodstained altar of Trog.
 10537 | D:9      | Found an ancient bone altar of Kikubaaqudgha.
 10625 | D:9      | Found a sparkling altar of Nemelex Xobeh.
 10845 | D:10     | Entered Level 10 of the Dungeon
 10903 | D:10     | Reached XP level 11. HP: 86/87 MP: 19/19
 10919 | D:10     | Found Oduymien's General Store.
 10930 | D:10     | Bought a condenser vane for 440 gold pieces
 10930 | D:10     | Bought a scroll of teleportation for 33 gold pieces
 10930 | D:10     | Bought a scroll of teleportation for 33 gold pieces
 11004 | D:10     | Found a flagged portal.
 11011 | Bailey   | Entered a bailey
 11306 | Bailey   | Reached skill level 5 in Conjurations
 11306 | Bailey   | Reached skill level 5 in Hexes
 11306 | Bailey   | Reached skill level 5 in Summonings
 11306 | Bailey   | Reached skill level 5 in Necromancy
 11306 | Bailey   | Reached skill level 5 in Translocations
 11306 | Bailey   | Reached skill level 5 in Transmutations
 11306 | Bailey   | Reached skill level 5 in Fire Magic
 11306 | Bailey   | Reached skill level 5 in Ice Magic
 11306 | Bailey   | Reached skill level 5 in Air Magic
 11306 | Bailey   | Reached skill level 5 in Earth Magic
 11306 | Bailey   | Reached skill level 5 in Poison Magic
 11333 | Bailey   | Found an iron altar of Okawaru.
 11345 | Bailey   | HP: 3/89 [red devil/+0 trident[a kobold demonologist] (12)]
 11347 | Bailey   | Slain by a red devil

Illustrated notes

Levels and vault maps discovered:
D:1:      lightli_arrival_statue_moat, layout_loops_ring,
          dreamdust_ecumenical_altar_hidden_monk_grotto
D:2:      layout_rooms
D:3:      layout_loops_corners, mainiacjoe_overflow_six_doors_small,
          chequers_temple_overflow_statue_of_worship, uniq_sigmund
D:4:      minmay_opposing_rooms, layout_basic, minmay_temple_entry_antechambers,
          serial_shops, shop, st_stairs_14
D:5:      layout_loops_ring, mainiacjoe_overflow_tiny_flanked, serial_shops,
          nicolae_lakefront_shop, ebering_ghost_disaster_area
D:6:      layout_basic
D:7:      layout_basic, nicolae_uskayaw_murder_on_the_dancefloor,
          minmay_a_box_with_orc_wizards_in_it, uniq_harold
D:8:      layout_cave_pools, nicolae_gozag_seed_capital,
          nicolae_ossuary_entry_monument, serial_gnoll_camp,
          gnoll_camp_mini_loothouse, gnoll_camp_mini_hut, gnoll_camp_mini_house,
          gnoll_camp_mini_shop
D:9:      layout_basic, minitemple, nemelex_diamond_rough_becter, st_stairs_9
D:10:     layout_roguey, serial_shops, nicolae_shop_advertising_works
          [nicolae_subvault_shop_adworks], shop, nicolae_square_shop,
          nicolae_lakefront_shop, enter_bailey_3, minmay_misc_feat_chi
Bailey:   bailey_axe_of_yendor_kennysheep, bailey

Skill      XL: |  1  2  3  4  5  6  7  8  9 10 11 |
---------------+----------------------------------+-----
Stealth        | 10 11 | 11.3
Long Blades    | 1 2 3 4 5 6 |  6.0
Axes           | 1 2 3 4 5 6 |  6.0
Maces & Flails | 1 2 3 4 5 6 |  6.0
Polearms       | 1 2 3 4 5 6 |  6.0
Staves         | 1 2 3 4 5 6 |  6.0
Slings         | 1 2 3 4 5 6 |  6.0
Bows           | 1 2 3 4 5 6 |  6.0
Crossbows      | 1 2 3 4 5 6 |  6.0
Throwing       | 1 2 3 4 5 6 |  6.0
Armour         | 1 2 3 4 5 6 |  6.0
Shields        | 1 2 3 4 5 6 |  6.0
Unarmed Combat | 1 2 3 4 5 6 |  6.0
Spellcasting   | 1 2 3 4 5 6 |  6.0
Invocations    | 1 2 3 4 5 6 |  6.6
Evocations     | 1 2 3 4 5 6 |  6.0
Conjurations   | 1 2 3 4 5 |  5.0
Hexes          | 1 2 3 4 5 |  5.0
Summonings     | 1 2 3 4 5 |  5.0
Necromancy     | 1 2 3 4 5 |  5.0
Translocations | 1 2 3 4 5 |  5.0
Transmutations | 1 2 3 4 5 |  5.0
Fire Magic     | 1 2 3 4 5 |  5.0
Ice Magic      | 1 2 3 4 5 |  5.0
Air Magic      | 1 2 3 4 5 |  5.0
Earth Magic    | 1 2 3 4 5 |  5.0
Poison Magic   | 1 2 3 4 5 |  5.0
Short Blades   | 5 6 7 |  7.6
Dodging        | 5 6 7 |  7.6
Fighting       | 7 8 9 |  9.0

Action                   |  1- 3 |  4- 6 |  7- 9 | 10-12 || total
-------------------------+-------+-------+-------+-------++-------
Melee: Short sword       |    24 |   179 |   482 |       ||   685
       Bite              |     1 |    21 |    65 |    31 ||   118
       Punch             |       |     7 |    12 |     9 ||    28
       Hand axe          |       |       |   139 |   299 ||   438
Throw: Dart              |       |       |     7 |       ||     7
Invok: Heroism           |       |       |     2 |       ||     2
Evoke: Wand              |       |       |       |     2 ||     2
       Condenser vane    |       |       |       |     1 ||     1
  Use: Scroll            |       |       |    13 |     7 ||    20
       Potion            |       |       |     3 |     2 ||     5
 Stab: Sleeping          |     1 |    14 |    21 |    15 ||    51
       Distracted        |       |       |     3 |     3 ||     6
Armor: Leather armour    |     3 |    42 |   227 |       ||   272
       Steam dragon scal |       |       |    20 |    90 ||   110
Dodge: Dodged            |    21 |   105 |   415 |   258 ||   799
